Map: Emerald City LE

Players

Massa

  • Race: Terran Terran
  • League: Platinum
  • Spawn Location: 5:00

qqq

  • Race: Protoss Protoss
  • League: Platinum
  • Spawn Location: 5:00

ItsAboutTime - Winner!

  • Race: Zerg Zerg
  • League: Diamond
  • Spawn Location: 11:00

CHINGU - Winner!

  • Race: Protoss Protoss
  • League: Diamond
  • Spawn Location: 11:00

VOD

Have the link to the VOD?

Description

Time

  • Played on: Sept. 6, 2020, 11:09 a.m.
  • Length: 16:30
Show
View Real Time Build Order
Export as new Build Order

Massa Terran 

Build Orders:  

Get SALT Encoding   

  12  0:00  SCV  
  13  0:12  SCV  
  14  0:23  Supply Depot  
  14  0:24  SCV  
  15  0:35  Refinery  
  15  0:45  SCV  
  15  0:46  Barracks  
  16  0:57  SCV  
  17  1:09  SCV  
  18  1:23  SCV  
  19  1:35  Reaper, SCV  
  21  1:41  Command Center  
  21  1:49  Orbital Command  
  21  2:07  Reaper  
  22  2:10  Refinery  
  22  2:17  SCV  
  23  2:37  Factory  
  23  2:38  Supply Depot  
  23  2:53  SCV  
  24  3:02  Supply Depot  
  24  3:12  SCV  
  25  3:16  Orbital Command  
  24  3:21  Command Center  
  24  3:22  Factory Tech Lab  
  24  3:24  Barracks Reactor, SCV  
  25  3:27  Supply Depot  
  25  3:30  Barracks  
  25  4:01  Marine  
  25  4:02  Marine  
  27  4:03  Siege Tank  
  30  4:19  Marine x2  
  31  4:27  Marine  
  30  4:32  SCV  
  30  4:33  SCV  
  30  4:36  Orbital Command, Marine  
  30  4:37  Marine  
  34  4:44  SCV  
  34  4:45  SCV, Marine  
  36  4:47  Widow Mine  
  38  4:55  Barracks Tech Lab, Marine  
  38  4:56  Starport  
  38  4:57  SCV x2  
  41  5:09  Widow Mine  
  43  5:25  Stimpack  
  43  5:50  Engineering Bay  
  43  5:52  Engineering Bay  
  43  5:53  Marauder, Marine x2  
  47  6:05  Siege Tank  
  47  6:10  Marine  
  47  6:11  Marine  
  52  6:14  Marauder  
  52  6:15  Supply Depot  
  54  6:19  Medivac  
  56  6:27  SCV x3  
  56  6:28  Marine  
  60  6:37  Siege Tank  
  60  6:38  Supply Depot  
  60  6:39  SCV x2  
  66  6:40  SCV  
  66  6:50  Marauder, Marine x2  
  66  6:51  SCV x2  
  72  7:01  Supply Depot  
  72  7:05  Combat Shield  
  72  7:08  Marine x2  
  72  7:12  Marauder  
  76  7:24  Supply Depot  
  76  7:25  Refinery  
  76  7:26  Marine  
  76  7:27  Refinery, Marine  
  78  7:32  Missile Turret  
  78  7:34  Marauder  
  80  7:38  Command Center  
  80  7:42  Barracks  
  80  7:43  Barracks  
  80  7:44  Marine  
  80  7:47  Marine  
  82  7:53  Missile Turret  
  82  7:55  Marauder  
  84  8:02  Marine  
  75  8:14  Missile Turret  
  75  8:17  Marauder  
  77  8:23  Missile Turret  
  77  8:35  Concussive Shells, Missile Turret  
  77  8:37  Barracks Reactor, Barracks Tech Lab  
  77  8:38  Marauder, Marine x2  
  81  8:43  Missile Turret, Medivac  
  81  8:47  SCV x2  
  81  8:48  SCV  
  85  8:55  Marine  
  85  8:56  Marine  
  85  8:59  SCV x2, Marauder  
  85  9:00  SCV  
  90  9:08  Missile Turret  
  90  9:12  Medivac  
  90  9:13  Marine x2  
  94  9:21  Marauder  
  96  9:27  SCV x2  
  96  9:28  Missile Turret  
  98  9:31  Marine  
  99  9:39  SCV x2  
  99  9:42  Marauder, Medivac  
  99  9:44  Orbital Command  
  105  9:48  Missile Turret  
  105  9:51  SCV, Missile Turret  
  105  9:52  SCV  
  107  9:53  Missile Turret  
  107  9:59  Marauder, Marine  
  110  10:00  Marine x3  
  110  10:03  SCV  
  110  10:04  SCV, Marauder  
  117  10:12  Missile Turret  
  117  10:17  Marine x2  
  117  10:18  Marine x2  
  117  10:21  Marauder  
  123  10:23  Refinery  
  123  10:25  Terran Infantry Armor Level 1, Terran Infantry Weapons Level 1  
  123  10:26  Orbital Command  
  123  10:33  Supply Depot  
  123  10:35  Marine  
  124  10:46  Supply Depot  
  124  10:47  Marauder x2, Marine x3  
  131  10:53  Marine  
  131  10:56  Supply Depot  
  132  10:59  Widow Mine  
  134  11:04  Marine  
  134  11:08  Marine  
  134  11:10  Supply Depot  
  136  11:18  Supply Depot  
  134  11:21  Widow Mine  
  133  11:34  Supply Depot  
  133  11:36  Armory  
  133  11:41  Supply Depot  
  133  11:42  Widow Mine, Armory  
  127  12:04  Supply Depot  
  73  12:32  Marauder x2, Marine  
  73  12:33  Marine x3  
  73  12:36  Medivac  
  73  12:39  Thor  
  79  12:45  SCV x3  
  79  12:49  Terran Vehicle And Ship Armor Level 1, Terran Vehicle Weapons Level 1  
  79  12:50  Terran Infantry Armor Level 2, Marine x4  
  79  12:51  Terran Infantry Weapons Level 2  
  86  12:53  Marauder x2  
  86  12:57  SCV x3  
  91  13:06  Medivac  
  91  13:08  Marine x4  
  91  13:09  Missile Turret  
  97  13:14  Marauder  
  97  13:15  Marauder  
  101  13:21  Barracks  
  101  13:22  Thor  
  101  13:26  Marine x4  
  109  13:29  Missile Turret  
  109  13:36  Marauder x2, Medivac  
  115  13:42  Factory  
  115  13:43  Marine  
  115  13:44  Orbital Command, Marine x2  
  115  13:47  Factory  
  118  13:56  SCV  
  118  13:57  SCV x2, Marauder  
  118  13:58  Marauder  
  125  14:05  Thor  
  125  14:07  Viking  
  125  14:08  SCV  
  125  14:09  SCV x2  
  136  14:12  Barracks  
  136  14:19  SCV, Marauder  
  136  14:20  SCV  
  136  14:21  SCV x2  
  142  14:31  SCV  
  142  14:32  SCV  
  142  14:37  Viking  
  146  14:43  SCV  
  146  14:55  SCV  
  97  15:07  SCV, Viking  
  97  15:08  Marauder x2, Marine x3  
  97  15:09  Marine x2  
  99  15:26  Marine x5  
  98  15:29  Marauder x2  
  89  15:44  Marine x5  
  89  15:46  Barracks Tech Lab  
  89  15:48  Orbital Command  
  86  15:50  Marauder  
  86  15:51  Marauder  
  74  15:57  SCV  
  74  16:01  Marine  
  74  16:02  Marine x4  
  80  16:09  SCV, Factory Reactor x2  
Show
View Real Time Build Order
Export as new Build Order

qqq Protoss 

Build Orders: Carriers 

Get SALT Encoding   

  12  0:00  Probe  
  13  0:13  Probe  
  14  0:23  Pylon  
  14  0:25  Probe  
  15  0:37  Pylon  
  15  0:51  Forge  
  15  1:00  Pylon  
  15  1:01  Probe  
  16  1:13  Probe  
  16  1:18  Gateway  
  17  1:27  Photon Cannon  
  17  1:43  Pylon  
  17  1:50  Pylon  
  17  1:59  Probe  
  18  2:05  Nexus  
  18  2:28  Photon Cannon  
  18  2:46  Photon Cannon  
  18  2:47  Photon Cannon  
  18  2:52  Photon Cannon  
  18  2:54  Pylon  
  18  3:07  Probe, Photon Cannon  
  19  3:12  Assimilator  
  19  3:16  Assimilator  
  19  3:19  Probe  
  20  3:26  Cybernetics Core  
  20  3:31  Probe  
  21  3:35  Pylon  
  21  3:46  Pylon  
  21  3:50  Probe x2  
  23  4:02  Probe x2  
  25  4:14  Probe  
  25  4:15  Photon Cannon  
  26  4:20  Photon Cannon  
  26  4:24  Pylon  
  26  4:26  Probe  
  27  4:33  Photon Cannon  
  27  4:36  Probe  
  28  4:49  Probe x2  
  30  5:00  Stargate  
  30  5:01  Probe x2  
  32  5:13  Probe  
  33  5:21  Probe  
  34  5:30  Stargate  
  34  5:33  Probe, Pylon  
  35  5:40  Assimilator, Protoss Air Weapons Level 1 (Chrono Boost)  
  33  5:45  Probe  
  33  5:46  Phoenix (Chrono Boost)  
  30  5:57  Probe  
  30  6:00  Probe  
  25  6:12  Probe x2  
  27  6:24  Probe x2  
  28  6:37  Probe (Chrono Boost)  
  28  6:38  Probe (Chrono Boost)  
  30  6:40  Phoenix  
  30  6:46  Probe x2 (Chrono Boost)  
  34  6:48  Phoenix  
  38  6:54  Probe (Chrono Boost)  
  38  6:56  Probe (Chrono Boost)  
  38  7:05  Probe (Chrono Boost), Phoenix  
  41  7:13  Phoenix  
  41  7:15  Probe  
  44  7:18  Probe  
  45  7:27  Probe  
  46  7:30  Probe, Phoenix  
  49  7:38  Phoenix  
  49  7:39  Probe  
  49  7:42  Probe  
  53  7:50  Assimilator  
  53  7:51  Probe  
  53  7:54  Probe  
  55  8:03  Probe  
  56  8:07  Probe, Protoss Air Armor Level 1 (Chrono Boost)  
  51  8:15  Probe  
  51  8:18  Photon Cannon  
  51  8:19  Probe, Phoenix  
  53  8:20  Phoenix  
  55  8:28  Probe  
  55  8:34  Probe  
  57  8:46  Probe  
  58  8:53  Phoenix x2  
  62  8:58  Nexus  
  62  8:59  Pylon  
  62  9:01  Pylon  
  54  9:04  Pylon  
  54  9:18  Phoenix x2 (Chrono Boost)  
  58  9:25  Photon Cannon  
  58  9:28  Photon Cannon  
  58  9:31  Photon Cannon  
  58  9:32  Fleet Beacon  
  58  9:34  Photon Cannon  
  58  9:40  Phoenix x2 (Chrono Boost)  
  62  9:58  Phoenix x2  
  66  10:15  Probe  
  67  10:27  Probe  
  68  10:31  Phoenix  
  68  10:34  Anion Pulse-Crystals  
  70  10:39  Probe, Phoenix, Nexus  
  70  10:41  Pylon  
  73  10:43  Pylon  
  73  10:46  Pylon  
  71  10:51  Probe  
  70  11:01  Carrier  
  70  11:03  Probe  
  94  11:04  Phoenix  
  62  11:28  Photon Cannon  
  62  11:29  Phoenix  
  62  11:30  Photon Cannon  
  64  11:33  Photon Cannon  
  64  11:34  Probe  
  64  11:35  Shield Battery  
  64  11:37  Pylon  
  65  11:40  Photon Cannon  
  65  11:42  Photon Cannon  
  65  11:45  Photon Cannon  
  65  11:46  Probe  
  66  11:49  Photon Cannon  
  66  11:54  Phoenix  
  68  11:58  Probe  
  68  11:59  Robotics Facility  
  69  12:06  Carrier  
  75  12:10  Probe  
  76  12:16  Protoss Air Weapons Level 2  
  76  12:22  Probe  
  71  12:34  Carrier  
  77  12:43  Photon Cannon  
  77  12:48  Shield Battery  
  77  12:49  Probe  
  77  12:51  Pylon  
  78  12:52  Assimilator  
  78  12:53  Photon Cannon  
  78  12:56  Assimilator  
  78  13:00  Observer  
  78  13:01  Probe  
  80  13:10  Stargate  
  80  13:13  Probe, Pylon  
  80  13:16  Pylon  
  80  13:19  Carrier  
  87  13:21  Observer  
  87  13:25  Probe  
  89  13:37  Probe  
  89  13:38  Carrier  
  96  13:44  Photon Cannon  
  96  13:50  Photon Cannon  
  96  13:51  Pylon  
  96  13:53  Photon Cannon  
  102  13:55  Carrier  
  102  14:01  Probe  
  103  14:13  Probe  
  103  14:14  Pylon  
  104  14:23  Carrier  
  103  14:51  Carrier  
  97  15:00  Carrier  
  97  15:02  Nexus  
  97  15:05  Pylon  
  97  15:06  Pylon  
  97  15:10  Pylon  
  96  15:14  Pylon  
  96  15:16  Photon Cannon  
  96  15:19  Photon Cannon  
  96  15:24  Photon Cannon  
  96  15:26  Shield Battery  
  86  15:29  Shield Battery  
  86  15:32  Shield Battery  
  85  15:37  Photon Cannon  
  84  15:47  Photon Cannon  
Show
View Real Time Build Order
Export as new Build Order

ItsAboutTime Zerg - Winner!

Build Orders: 3 Hatch before Pool, Swarm Host 

Get SALT Encoding   

  12  0:01  Drone  
  13  0:13  Overlord  
  13  0:18  Drone  
  14  0:31  Drone x2  
  16  0:38  Drone  
  17  0:54  Hatchery  
  17  0:56  Drone  
  17  1:02  Extractor  
  16  1:04  Drone  
  18  1:21  Hatchery  
  17  1:36  Drone x3  
  17  1:37  Spawning Pool  
  19  2:00  Drone x2  
  21  2:11  Drone  
  22  2:32  Drone x2  
  22  2:35  Drone  
  22  2:36  Queen  
  27  2:41  Overlord  
  27  2:54  Roach Warren, Queen  
  28  2:59  Spine Crawler  
  28  3:05  Spine Crawler  
  26  3:23  Drone x2  
  26  3:24  Drone x4  
  32  3:29  Extractor  
  32  3:32  Queen  
  33  4:12  Hatchery  
  33  4:14  Overlord x3  
  32  4:28  Lair  
  32  4:32  Roach  
  34  4:40  Roach  
  34  4:42  Roach x3  
  42  4:53  Roach  
  44  5:33  Roach x4  
  52  5:38  Roach  
  52  5:39  Roach x3  
  52  5:40  Extractor  
  52  5:42  Hatchery  
  58  5:50  Extractor  
  57  6:02  Drone x3  
  60  6:18  Spire  
  59  6:22  Drone, Overlord  
  59  6:23  Overlord x2  
  60  6:43  Hatchery  
  60  6:45  Extractor  
  60  6:46  Extractor  
  57  6:54  Drone x3  
  60  6:57  Drone  
  61  7:07  Drone x3  
  64  7:14  Spore Crawler  
  63  7:20  Drone x2  
  65  7:37  Drone x5  
  65  7:38  Drone x2  
  72  7:48  Spore Crawler  
  71  7:54  Drone x2, Spore Crawler  
  71  7:57  Drone, Spore Crawler  
  72  7:59  Drone  
  73  8:09  Queen  
  74  8:12  Drone  
  74  8:13  Drone  
  74  8:15  Drone x2  
  74  8:17  Drone x2  
  79  8:22  Spore Crawler  
  78  8:31  Drone x5  
  83  8:40  Baneling Nest  
  82  8:42  Drone x2  
  82  8:43  Drone, Infestation Pit  
  84  8:49  Drone x4  
  88  9:03  Overseer  
  88  9:16  Evolution Chamber  
  87  9:17  Evolution Chamber  
  87  9:20  Hive  
  87  9:22  Drone x2  
  87  9:23  Overlord x4  
  87  9:24  Overlord  
  88  9:41  Zergling x10  
  88  9:45  Zerg Ground Armor Level 1  
  93  9:46  Zerg Melee Weapons Level 1, Zergling x2  
  93  9:47  Zergling x18  
  93  9:50  Centrifical Hooks  
  103  9:57  Drone x3  
  103  9:58  Drone  
  103  9:59  Drone x2  
  109  10:03  Spore Crawler  
  108  10:12  Metabolic Boost  
  108  10:20  Zergling x2  
  109  10:21  Zergling x12  
  115  10:41  Hatchery  
  114  10:48  Swarm Host x3  
  114  10:49  Swarm Host  
  126  10:51  Overlord x3  
  126  10:52  Overlord x3  
  101  11:20  Zergling x24  
  101  11:21  Zergling x8  
  98  11:40  Baneling  
  98  11:41  Baneling x10  
  98  11:42  Baneling x3, Zergling x2  
  98  11:43  Zergling x14  
  106  11:56  Zergling x16  
  106  11:59  Baneling  
  106  12:00  Baneling x11  
  106  12:01  Baneling x6  
  114  12:02  Zergling x8  
  118  12:12  Drone x7  
  118  12:13  Drone x4  
  129  12:16  Zergling x6  
  127  12:28  Zergling x14  
  122  12:34  Zergling x2  
  122  12:35  Zergling x14  
  130  12:44  Zerg Ground Armor Level 2, Zerg Melee Weapons Level 2  
  130  12:50  Ultralisk Cavern, Greater Spire  
  129  12:54  Drone x2  
  129  12:56  Drone, Extractor  
  129  12:57  Extractor, Spore Crawler  
  129  12:58  Zergling x2  
  129  12:59  Zergling x6  
  129  13:02  Baneling  
  129  13:03  Baneling x7  
  133  13:19  Adrenal Glands  
  133  13:23  Zergling x26  
  133  13:24  Zergling x4  
  148  13:32  Baneling  
  148  13:33  Baneling x13  
  148  13:34  Baneling x7  
  148  13:39  Chitinous Plating  
  148  13:49  Baneling x11  
  148  13:50  Baneling x9  
  148  14:04  Ultralisk x2  
  161  14:10  Drone x4  
  161  14:11  Drone x2  
  161  14:12  Drone x2  
  121  14:35  Zergling x2  
  121  14:36  Zergling x40  
  121  14:37  Zergling x14  
  147  14:42  Baneling x8  
  147  14:43  Baneling  
  145  14:48  Ultralisk  
  151  14:58  Anabolic Synthesis  
  144  15:01  Zergling x10  
  144  15:02  Zergling x10  
  147  15:08  Zergling x2  
  147  15:09  Zergling x12  
  150  15:26  Zergling x2  
  150  15:27  Zergling x14  
  154  15:43  Baneling  
  154  15:44  Baneling x14  
  154  15:45  Baneling x12  
  154  15:46  Baneling x11, Zergling x2  
  154  15:47  Zergling x16  
  154  15:48  Zergling x10  
  143  16:23  Extractor  
  128  16:26  Hatchery  
  128  16:29  Extractor  
Show
View Real Time Build Order
Export as new Build Order

CHINGU Protoss - Winner!

Build Orders:  

Get SALT Encoding   

  12  0:01  Probe  
  13  0:13  Probe  
  14  0:18  Pylon  
  14  0:25  Probe  
  15  0:37  Gateway  
  15  0:39  Probe  
  16  0:51  Probe  
  16  0:54  Assimilator  
  17  1:00  Assimilator  
  17  1:03  Probe  
  18  1:16  Probe  
  19  1:18  Gateway  
  19  1:25  Cybernetics Core  
  19  1:31  Probe  
  20  1:43  Probe (Chrono Boost)  
  21  1:53  Probe (Chrono Boost)  
  22  2:02  Probe  
  22  2:13  Pylon  
  22  2:30  Adept x2 (Chrono Boost)  
  26  2:45  Warp Gate  
  24  2:55  Stalker (Chrono Boost)  
  24  2:57  Stalker (Chrono Boost)  
  28  3:17  Stalker (Chrono Boost)  
  28  3:19  Probe  
  31  3:23  Stargate  
  31  3:47  Pylon  
  31  4:05  Probe, Stalker  
  34  4:10  Oracle (Chrono Boost)  
  37  4:17  Probe  
  38  4:29  Probe  
  39  4:51  Pylon  
  39  4:53  Pylon  
  39  4:58  Probe  
  36  5:15  Probe  
  37  5:27  Probe  
  38  5:37  Nexus  
  38  5:39  Probe, Oracle (Chrono Boost), Assimilator  
  42  5:43  Assimilator  
  42  5:47  Pylon x2  
  42  5:51  Probe  
  43  6:03  Probe  
  44  6:10  Phoenix  
  46  6:16  Stargate  
  46  6:17  Probe, Stargate  
  44  6:29  Probe  
  45  6:34  Shield Battery  
  45  6:35  Phoenix (Chrono Boost)  
  45  6:37  Shield Battery  
  47  6:53  Probe (Chrono Boost), Phoenix (Chrono Boost)  
  49  6:54  Fleet Beacon  
  49  6:59  Probe (Chrono Boost), Pylon  
  51  7:06  Probe (Chrono Boost)  
  52  7:09  Phoenix (Chrono Boost)  
  56  7:33  Probe  
  56  7:36  Probe, Phoenix (Chrono Boost)  
  58  7:40  Phoenix (Chrono Boost), Pylon  
  58  7:42  Pylon  
  58  7:43  Phoenix (Chrono Boost)  
  58  7:44  Pylon  
  64  8:06  Phoenix (Chrono Boost)  
  64  8:14  Phoenix (Chrono Boost)  
  68  8:21  Probe x2  
  68  8:22  Phoenix (Chrono Boost)  
  68  8:25  Pylon  
  72  8:27  Pylon  
  72  8:31  Phoenix (Chrono Boost)  
  72  8:33  Probe x2  
  74  8:37  Phoenix (Chrono Boost)  
  78  8:50  Phoenix (Chrono Boost)  
  68  9:04  Phoenix (Chrono Boost)  
  72  9:12  Phoenix (Chrono Boost)  
  72  9:16  Phoenix (Chrono Boost)  
  74  9:26  Anion Pulse-Crystals (Chrono Boost)  
  74  9:27  Nexus  
  74  9:34  Pylon  
  74  9:35  Phoenix  
  76  9:44  Robotics Facility  
  76  9:51  Adept x2  
  80  10:00  Phoenix  
  82  10:08  Probe, Assimilator  
  82  10:13  Probe, Assimilator  
  84  10:20  Probe  
  85  10:25  Phoenix  
  85  10:28  Protoss Air Weapons Level 1 (Chrono Boost)  
  87  10:29  Probe  
  87  10:32  Probe  
  89  10:37  Observer (Chrono Boost)  
  89  10:42  Probe  
  91  10:44  Probe  
  92  10:50  Observer (Chrono Boost)  
  92  10:53  Phoenix  
  93  10:59  Phoenix  
  95  11:10  Observer  
  96  11:12  Phoenix  
  88  11:27  Phoenix x2  
  88  11:31  Probe x2  
  88  11:32  Zealot x2  
  96  11:38  Gateway  
  96  11:39  Gateway  
  98  11:41  Twilight Council  
  98  11:53  Phoenix x2 (Chrono Boost)  
  102  12:01  Zealot x2, Immortal (Chrono Boost)  
  110  12:21  Phoenix x2  
  112  12:39  Zealot x4  
  112  12:41  Observer  
  108  12:44  Phoenix  
  120  12:46  Phoenix x2  
  126  13:08  Pylon  
  126  13:09  Phoenix, Pylon  
  126  13:11  Charge (Chrono Boost), Phoenix  
  130  13:19  Probe (Chrono Boost)  
  133  13:25  Probe x2 (Chrono Boost)  
  133  13:34  Tempest (Chrono Boost)  
  133  13:35  Tempest (Chrono Boost)  
  133  13:39  Observer  
  143  13:48  Zealot  
  143  13:49  Zealot x3  
  143  13:51  Probe x2  
  143  13:52  Probe  
  143  13:55  Gateway  
  154  13:57  Gateway  
  154  13:58  Gateway  
  154  14:00  Pylon  
  154  14:01  Pylon  
  154  14:20  Tempest x3 (Chrono Boost)  
  153  14:56  Tempest x3 (Chrono Boost)  
  164  15:28  Nexus  
  163  15:41  Tempest x2 (Chrono Boost)  
  159  15:50  Immortal (Chrono Boost)  
Tags
 
Add a new tag
Caveats
  • Supply blocks, unpowered buildings, or Contaminate may cause inaccurate times.
  • Supply counts are checked every 10 seconds.